 Dungeon Crawl Stone Soup version 0.29-a0-352-g0917bc69df (webtiles) character file.

Game seed: 17349048239007048504

649 avis the Cleaver (level 7, -3/62 HPs)
             Began as a Hill Orc Monk on Apr 24, 2022.
             Slain by a gnoll
             ... wielding a +0 flail
              (8 damage)
             ... on level 5 of the Dungeon.
             The game lasted 00:20:23 (6161 turns).

avis the Cleaver (Hill Orc Monk)                    Turns: 6161, Time: 00:20:24

Health: -3/62      AC: 10    Str: 16    XL:     7   Next: 53%
Magic:  7/7        EV:  5    Int: 10    God:
Gold:   286        SH:  0    Dex: 13    Spells: 6/6 levels left

rFire   . . .      SeeInvis .   a - +0 hand axe
rCold   . . .      Faith    .   (no shield)
rNeg    . . .      Spirit   .   n - +0 plate armour
rPois   .          Reflect  .   (no helmet)
rElec   .          Harm     .   (no cloak)
rCorr   .          Rampage  .   (no gloves)
Will    .....                   (no boots)
Stlth   ..........              (no amulet)
HPRegen 0.20/turn               (no ring)
MPRegen 0.10/turn               (no ring)

@: no status effects
A: no striking features
a: no special abilities


You were on level 5 of the Dungeon.
You visited 2 branches of the dungeon, and saw 6 of its levels.

You collected 286 gold pieces.

Inventory:

Hand Weapons
 a - a +0 hand axe (weapon)
 b - a +2 hunting sling of freezing
 r - a +0 trident
 v - a +3 mace
 w - a +0 shortbow
Missiles
 e - 8 poisoned darts (quivered)
 k - 6 silver boomerangs
 u - 12 boomerangs
Armour
 n - a +0 plate armour (worn)
Jewellery
 g - a ring of fire
 h - a ring of flight
 q - an amulet of faith
Scrolls
 o - 2 scrolls of enchant weapon {unknown}
 p - a scroll of blinking {unknown}
 x - 2 scrolls of enchant armour {unknown}
 y - a scroll of identify
 z - a scroll of magic mapping {unknown}
Potions
 c - a potion of ambrosia
 d - a potion of flight {unknown}
 f - 2 potions of degeneration {unknown}
 i - 2 potions of might
 j - a potion of berserk rage {unknown}
 l - 2 potions of magic
 m - 4 potions of curing
 s - a potion of lignification {unknown}
 t - 2 potions of mutation {unknown}


   Skills:
 + Level 5.8 Fighting
 * Level 9.0 Axes
 + Level 2.7 Slings
 - Level 2.4 Dodging
 - Level 1.5 Stealth


You had 6 spell levels left.
You didn't know any spells.
Your spell library contained the following spells:

 Spells                   Type           Power      Damage    Failure   Level
 Sting                    Tmut/Pois      0%         1d3       100%        1
 Poisonous Vapours        Pois/Air       0%         N/A       100%        2
 Sublimation of Blood     Necr           0%         N/A       100%        2
 Olgreb's Toxic Radiance  Pois           0%         N/A       100%        4
 Petrify                  Tmut/Erth      0%         N/A       100%        4
 Irradiate                Conj/Tmut      0%         3d13      100%        5


Dungeon Overview and Level Annotations

Branches:
Dungeon (5/15)             Temple (1/1) D:4

Altars:
Ashenzari
Dithmenos
Fedhas
Gozag
Makhleb
Nemelex Xobeh
Okawaru
Ru
Trog
Uskayaw
Wu Jian
Xom

Shops:
D:2 (   D:4 !


Message History

You hit the gnoll.
The gnoll is heavily wounded.
The gnoll hits you with a +0 flail.
You barely miss the gnoll.
The gnoll is heavily wounded.
The gnoll hits you with a +0 flail.
You hit the gnoll but do no damage.
The gnoll is heavily wounded.
You hit the gnoll but do no damage.
The gnoll is heavily wounded.
The gnoll hits you with a +0 flail.
You hit the gnoll.
The gnoll is severely wounded.
The gnoll hits you with a +0 flail.
You closely miss the gnoll.
The gnoll is severely wounded.
The gnoll hits you with a +0 flail.
You hit the gnoll but do no damage.
The gnoll is severely wounded.
The gnoll barely misses you.
You hit the gnoll.
The gnoll is almost dead.
You hit the gnoll but do no damage.
The gnoll is almost dead.
The gnoll completely misses you.
You barely miss the gnoll.
The gnoll is almost dead.
The gnoll hits you with a +0 flail.
You hit the gnoll.
The gnoll is almost dead.
The gnoll hits you with a +0 flail!
* * * LOW HITPOINT WARNING * * *
You hit the gnoll but do no damage. You punch the gnoll, but do no damage.
The gnoll is almost dead.
The gnoll hits you with a +0 flail.
* * * LOW HITPOINT WARNING * * *
You hit the gnoll but do no damage. You punch the gnoll, but do no damage.
The gnoll is almost dead.
The gnoll hits you with a +0 flail!
You die...

. #.... . ###.....
##.#..... .
####........ .... .
##......)..## .... .
#..#........##... .
#..#..)..#>.#..#
.###.
#...@...#..#..##.#...
##..g...##..#..#....
##.##......#.##...
#........##.##..
#...##....#.##.####
#.####......##.#...
#.# ##..........#
#.####...........##
#.#.#[#.#†##.....÷#


You could see a gnoll.

Vanquished Creatures
  A black bear (D:4)
  A centaur (D:3)
  2 scorpions
  A hound (D:4)
  4 iguanas
  2 orc wizards (D:5)
  2 gnolls (D:5)
  6 adders
  A white imp (D:5)
  A worm (D:3)
  2 dart slugs
  9 orcs
  4 bats
  5 endoplasms
  3 giant cockroaches
  4 goblins
  7 hobgoblins
  7 jackals
  3 quokkas
  6 ball pythons
  3 frilled lizards
  4 kobolds
  12 rats
90 creatures vanquished.

Vanquished Creatures (others)
  An orc (D:5)
1 creature vanquished.

Grand Total: 91 creatures vanquished

Notes
Turn   | Place    | Note
-------+----------+-------------------------------------------
     0 | D:1      | avis the Hill Orc Monk began the quest for the Orb.
     0 | D:1      | Reached XP level 1. HP: 19/19 MP: 1/1
   279 | D:1      | Reached XP level 2. HP: 26/26 MP: 2/2
   413 | D:1      | Reached skill level 5 in Axes
  1057 | D:2      | Found Guefofod's Antique Weapon Boutique.
  1075 | D:2      | Reached XP level 3. HP: 17/33 MP: 3/3
  1959 | D:3      | Reached skill level 6 in Axes
  1971 | D:3      | Reached XP level 4. HP: 20/40 MP: 4/4
  2457 | D:3      | Noticed a centaur
  3219 | D:3      | Killed a centaur
  3220 | D:3      | Reached skill level 7 in Axes
  3220 | D:3      | Reached skill level 1 in Slings
  3220 | D:3      | Reached XP level 5. HP: 23/47 MP: 5/5
  4326 | D:4      | Found a staircase to the Ecumenical Temple.
  4361 | Temple   | Entered the Ecumenical Temple
  4405 | D:4      | Noticed a black bear
  4421 | D:4      | Killed a black bear
  4422 | D:4      | Reached skill level 5 in Fighting
  4422 | D:4      | Reached XP level 6. HP: 34/56 MP: 6/6
  4624 | D:4      | Reached skill level 8 in Axes
  4877 | D:4      | Found Haludorgh's Distillery.
  5009 | D:5      | Entered Level 5 of the Dungeon
  5031 | D:4      | Reached XP level 7. HP: 51/61 MP: 7/7
  5743 | D:5      | Found a sparkling altar of Nemelex Xobeh.
  6137 | D:5      | Identified the +5 ring mail of Zaqob {MP+9 Str+3 Int+4
                  | Stlth+}
  6141 | D:5      | Reached skill level 9 in Axes
  6161 | D:5      | Slain by a gnoll

Illustrated notes

Levels and vault maps discovered:
D:1:      lightli_arrival_boilingwater, layout_loops_ring
D:2:      layout_basic, serial_glass, glass_columns_a, glass_columns_a,
          serial_shops, shop, corner_web_ring, minmay_misc_feat_room
D:3:      layout_basic, portal_sewer_entry_e
D:4:      layout_loops_corners, minmay_temple_entry_statues_fountains,
          serial_shops, shop
D:5:      layout_cave_pools, nemelex_xobeh_ov_fountains_minmay, st_stairs_4,
          kennysheep_generic_room_2
Temple:   minmay_freezing_vapour_temple

Skill      XL: |  1  2  3  4  5  6  7 |
---------------+----------------------+-----
Axes           | 5 6 7 8 9 |  9.0
Fighting       | 4 5 |  5.8
Slings         | 1 2 |  2.7
Dodging        | |  2.4
Stealth        | |  1.5

Action                   |  1- 3 |  4- 6 |  7- 9 || total
-------------------------+-------+-------+-------++-------
Melee: Hand axe          |   126 |   138 |   107 ||   371
       Punch             |     1 |     1 |     3 ||     5
 Fire: Hunting sling     |       |    21 |    24 ||    45
  Use: Scroll            |       |     5 |       ||     5
 Stab: Sleeping          |     1 |       |       ||     1
Armor: Robe              |    11 |       |       ||    11
       Plate armour      |    35 |   103 |    51 ||   189
Dodge: Dodged            |    62 |    45 |    31 ||   138

Table legend: (Time is in decaauts)
 A = Elapsed time spent in this place.
 B = Non-inter-level travel time spent in this place.
 C = Inter-level travel time spent in this place.
 D = Time resting spent in this place.
 E = Time spent auto-exploring this place.
 F = Levels seen in this place.
 G = Mean time per level.
                   A        B        C        D        E       F      G
               +--------+--------+--------+--------+--------+-----+--------+
         Total |   6186 |   5762 |    424 |   1843 |   2791 |   6 | 1031.0 |
       Dungeon |   6176 |   5752 |    424 |   1843 |   2791 |   5 | 1235.2 |
        Temple |     10 |     10 |      0 |      0 |      0 |   1 |   10.0 |
               +--------+--------+--------+--------+--------+-----+--------+

Top non-repeatable levels by time:
     D:3: 1833 daAuts
     D:4: 1558 daAuts
     D:1: 1075 daAuts
     D:5: 872 daAuts
     D:2: 837 daAuts
  Temple: 10 daAuts
